Map: Parasitismo LE

Players

jeve - Winner!

  • Race: Protoss Protoss
  • League: Gold
  • Spawn Location: 11:00

Vicster

  • Race: Terran Terran
  • League: Gold
  • Spawn Location: 5:00

VOD

Have the link to the VOD?

Description

Time

  • Played on: Jan. 5, 2019, 12:01 p.m.
  • Length: 6:36
Show
View Real Time Build Order
Export as new Build Order

jeve Protoss - Winner!

Build Orders:  

Get SALT Encoding   

  12  0:02  Probe  
  13  0:16  Pylon  
  13  0:20  Probe  
  14  0:32  Probe  
  15  0:35  Gateway  
  15  0:42  Assimilator  
  15  0:49  Probe  
  16  1:01  Probe  
  16  1:02  Assimilator  
  17  1:18  Probe  
  17  1:26  Assimilator  
  17  1:31  Cybernetics Core  
  17  1:32  Probe  
  18  1:44  Probe  
  19  1:56  Probe  
  20  2:02  Warp Gate  
  20  2:08  Probe  
  21  2:09  Pylon  
  21  2:15  Pylon  
  21  2:20  Probe  
  22  2:29  Gateway  
  22  2:30  Stalker  
  22  2:32  Probe  
  25  2:45  Robotics Facility  
  25  3:00  Stalker  
  27  3:13  Robotics Facility  
  27  3:21  Stalker  
  29  3:27  Immortal  
  29  3:37  Pylon  
  33  4:01  Immortal  
  37  4:11  Immortal  
  41  4:32  Pylon  
  39  4:50  Immortal  
  39  5:15  Pylon  
  39  5:18  Pylon  
  39  5:20  Pylon  
  38  5:33  Immortal  
  42  5:51  Stalker x2  
  46  6:15  Stalker  
  46  6:16  Stalker  
Show
View Real Time Build Order
Export as new Build Order

Vicster Terran 

Build Orders: Cyclone Opening 

Get SALT Encoding   

  12  0:00  SCV  
  13  0:13  SCV  
  14  0:17  Supply Depot  
  14  0:25  SCV  
  14  0:27  Refinery  
  15  0:40  SCV  
  16  0:45  Barracks  
  16  0:52  SCV  
  17  1:04  SCV  
  17  1:11  Supply Depot  
  18  1:16  SCV  
  19  1:28  SCV  
  20  1:35  Marine  
  20  1:39  Factory  
  21  1:42  Orbital Command  
  21  1:53  Marine  
  22  2:04  Supply Depot  
  22  2:08  SCV  
  22  2:11  Barracks Reactor  
  22  2:12  Barracks  
  23  2:20  SCV  
  24  2:26  Factory Tech Lab  
  24  2:33  SCV  
  25  2:38  Refinery  
  25  2:39  Supply Depot  
  25  2:45  SCV  
  25  2:47  Cyclone  
  25  2:48  Marine  
  25  2:49  Marine  
  31  2:57  SCV  
  32  3:01  Supply Depot  
  32  3:04  Barracks Tech Lab  
  32  3:07  Marine  
  32  3:09  SCV  
  34  3:13  Marine  
  34  3:19  Cyclone  
  38  3:21  SCV  
  39  3:31  Marine, Stimpack  
  39  3:32  Marine x2  
  39  3:33  SCV  
  43  3:37  Supply Depot  
  43  3:45  SCV  
  44  3:57  SCV  
  44  4:00  Supply Depot  
  45  4:08  Marine  
  45  4:09  Command Center  
  46  4:15  Siege Tank  
  49  4:18  Marine  
  35  5:15  Siege Tank  
  38  5:31  Barracks  
  38  5:32  Barracks, Command Center  
  38  5:39  Orbital Command  
  38  5:43  Refinery  
  35  5:55  Marine  
  35  5:56  Marine  
  35  5:57  Marine  
  33  6:14  Marine  
Tags
 
Add a new tag
Caveats
  • Supply blocks, unpowered buildings, or Contaminate may cause inaccurate times.
  • Supply counts are checked every 10 seconds.